[Event "Titled Tuesday Blitz June 20 Early 2023"]
[White "Larina, Maria"]
[Black "Buchenau, Frank"]
[WhiteFideId "24113182"]
[BlackFideId "4604350"]
[WhiteElo "1848"]
[BlackElo "2157"]
[Result "1/2-1/2"]
[Round "7"]
[TimeControl "180+2"]
[Date "2023.06.20"]
[WhiteClock "0:00:06"]
[BlackClock "0:00:12"]
[Board "155"]

1. e4 e6 2. d4 d5 3. Nc3 Nf6 4. Bg5 dxe4 5. Nxe4 Be7 6. Nxf6+ Bxf6 7. Bxf6 Qxf6 8. Nf3 O-O 9. Bd3 c5 10. dxc5 Qxb2 11. O-O Qc3 12. Ng5 h6 13. Ne4 Qe5 14. Rb1 Nd7 15. c6 bxc6 16. Kh1 f5 17. Ng3 Nc5 18. Bc4 Ba6 19. Re1 Qf6 20. Bxa6 Nxa6 21. Qe2 Nc7 22. Qc4 Nd5 23. Qxc6 Rfe8 24. Rb7 Rac8 25. Qa4 Nc3 26. Qxa7 f4 27. Nh5 Qf5 28. Rxg7+ Kh8 29. Qd4 e5 30. Qd7 Qxd7 31. Rxd7 Red8 32. Nf6 Rxd7 33. Nxd7 e4 34. h3 Ra8 35. Nf6 Rxa2 36. Nxe4 Rxc2 37. Nxc3 Rxc3 38. Kg1 Rc4 39. Re7 Kg8 40. Kh2 Kf8 41. Rh7 Rc6 42. g3 Kg8 43. Re7 fxg3+ 44. Kxg3 Rc3+ 45. f3 Kf8 46. Ra7 Kg8 47. h4 Rc4 48. f4 Kh8 49. Kg4 Rc5 50. Rb7 Kg8 51. Ra7 Kh8 52. Rd7 Kg8 53. Re7 Kh8 54. Ra7 Kg8 55. h5 Kh8 56. Rb7 Kg8 57. Rd7 Kh8 58. Rd6 Kg7 59. Rg6+ Kh7 60. Rd6 Kg7 61. Rg6+ Kh7 62. Rd6 Kg7 1/2-1/2


[Site "https://www.chess.com"]

[Event "Titled Tuesday Blitz June 20 Early 2023"]
[White "Vega Gutierrez, Sabrina"]
[Black "Cueto, Jonny"]
[WhiteFideId "2219026"]
[BlackFideId "3300145"]
[WhiteElo "2209"]
[BlackElo "2240"]
[Result "0-1"]
[Round "7"]
[TimeControl "180+2"]
[Date "2023.06.20"]
[WhiteClock "0:00:17"]
[BlackClock "0:00:11"]
[Board "156"]

1. e4 e6 2. Qe2 d5 3. exd5 Qxd5 4. Nc3 Qd8 5. Nf3 Nf6 6. d4 Be7 7. Bg5 h6 8. Bd2 a6 9. O-O-O b5 10. Ne5 Bb7 11. f3 Nbd7 12. Ne4 O-O 13. h4 Nd5 14. Kb1 N7f6 15. g4 Nd7 16. g5 h5 17. g6 Nxe5 18. dxe5 fxg6 19. Bh3 Bc8 20. Rhg1 Qe8 21. Bg5 Bxg5 22. Rxg5 Nf4 23. Qh2 Nxh3 24. Qxh3 Qf7 25. Rg3 Bb7 26. Ng5 Qf5 27. Qxf5 Rxf5 28. Nxe6 Bxf3 29. Rdg1 Re8 30. Nd4 Rf4 31. Nxf3 Ref8 32. Ng5 Rf1+ 33. Rxf1 Rxf1# 0-1


[Site "https://www.chess.com"]

[Event "Titled Tuesday Blitz June 20 Early 2023"]
[White "Fudalej, Michal"]
[Black "Ramirez Vido, Robert Yorisan"]
[WhiteFideId "1118781"]
[BlackFideId "3513823"]
[WhiteElo "2088"]
[BlackElo "2407"]
[Result "1-0"]
[Round "7"]
[TimeControl "180+2"]
[Date "2023.06.20"]
[WhiteClock "0:00:17"]
[BlackClock "0:00:00"]
[Board "157"]

1. Nf3 Nf6 2. g3 g6 3. Bg2 Bg7 4. c4 O-O 5. Nc3 d6 6. O-O e5 7. d3 Nc6 8. Rb1 a5 9. a3 Nd4 10. Nd5 c6 11. Nxf6+ Bxf6 12. Nxd4 exd4 13. e4 dxe3 14. fxe3 Bg7 15. b4 axb4 16. axb4 Ra2 17. Qb3 Rxg2+ 18. Kxg2 Be6 19. Bb2 Qd7 20. Bxg7 Kxg7 21. Qc3+ Kg8 22. Kg1 Ra8 23. Ra1 Re8 24. Ra7 Bh3 25. Rf3 Bg4 26. Qf6 Bxf3 27. Qxf3 Qe7 28. Kf2 Qc7 29. b5 Qb6 30. Ra2 cxb5 31. Rb2 b4 32. Rb3 Re6 33. Qf4 d5 34. Qd4 Rf6+ 35. Kg2 dxc4 36. Qxb6 Rxb6 37. dxc4 Kf8 38. Kf3 Ke7 39. Ke4 Kd6 40. Kd4 Ke6 41. c5 Rb5 42. Kc4 Ra5 43. Rxb4 Ra3 44. Rb6+ Ke5 45. Rxb7 Rxe3 46. Rxf7 h5 47. Re7+ 1-0


[Site "https://www.chess.com"]

[Event "Titled Tuesday Blitz June 20 Early 2023"]
[White "Kev4444444444"]
[Black "Goldin, Roman"]
[BlackFideId "2803860"]
[WhiteElo "2184"]
[BlackElo "2312"]
[Result "0-1"]
[Round "7"]
[TimeControl "180+2"]
[Date "2023.06.20"]
[WhiteClock "0:00:10"]
[BlackClock "0:00:22"]
[Board "158"]

1. g3 d5 2. Bg2 e5 3. c4 d4 4. e3 Nc6 5. exd4 exd4 6. Nf3 Nf6 7. O-O Be7 8. a3 a5 9. b3 O-O 10. d3 Nd7 11. Re1 Bf6 12. h4 h6 13. Nh2 Nc5 14. Bf4 Bf5 15. Bf1 g5 16. hxg5 hxg5 17. Bc1 Qd7 18. Ra2 Kg7 19. Be2 Ne5 20. Rd2 Rh8 21. b4 axb4 22. axb4 Rxh2 23. Kxh2 Rh8+ 24. Kg1 Qc6 25. f3 g4 26. b5 Qd6 27. f4 Rh3 28. Kg2 Ng6 29. Bxg4 Rxg3+ 30. Kxg3 Qxf4+ 31. Kg2 Bxg4 32. Rf2 Nh4+ 33. Kf1 Bh3+ 34. Kg1 Qg3+ 35. Kh1 Bg2+ 36. Kg1 Bf3+ 37. Kf1 Qh3+ 38. Kg1 Qh1# 0-1


[Site "https://www.chess.com"]

[Event "Titled Tuesday Blitz June 20 Early 2023"]
[White "le-castor-faineant"]
[Black "Slavin, Alexey"]
[BlackFideId "24104388"]
[WhiteElo "2161"]
[BlackElo "2264"]
[Result "0-1"]
[Round "7"]
[TimeControl "180+2"]
[Date "2023.06.20"]
[WhiteClock "0:00:02"]
[BlackClock "0:00:55"]
[Board "159"]

1. e4 Nc6 2. Nf3 d6 3. d4 Nf6 4. Nc3 Bg4 5. Bc4 e5 6. dxe5 dxe5 7. Qxd8+ Rxd8 8. Bg5 Bb4 9. O-O Bxf3 10. gxf3 Nd4 11. Kg2 c6 12. Bb3 h6 13. Be3 Bxc3 14. bxc3 Nxb3 15. cxb3 b6 16. Rfd1 Ke7 17. Kf1 Rxd1+ 18. Rxd1 Rd8 19. Rxd8 Kxd8 20. Ke2 Kd7 21. Kd3 Ke6 22. f4 Nd7 23. fxe5 Nxe5+ 24. Ke2 g5 25. h3 f5 26. f3 c5 27. Bc1 Ng6 28. c4 Ke5 29. exf5 Kxf5 30. Kf2 Nf4 31. Bxf4 Kxf4 32. Kg2 Ke3 33. Kg3 h5 34. a3 a6 35. a4 a5 36. Kg2 h4 37. Kh2 Kxf3 38. Kg1 Kg3 0-1


[Site "https://www.chess.com"]

[Event "Titled Tuesday Blitz June 20 Early 2023"]
[White "Brown, Raehanna"]
[Black "Novikova, Galina"]
[WhiteFideId "7402740"]
[BlackFideId "4157095"]
[WhiteElo "1655"]
[BlackElo "1953"]
[Result "1/2-1/2"]
[Round "7"]
[TimeControl "180+2"]
[Date "2023.06.20"]
[WhiteClock "0:00:04"]
[BlackClock "0:00:45"]
[Board "160"]

1. c4 f5 2. Nc3 Nf6 3. g3 e6 4. Bg2 Be7 5. d3 O-O 6. e3 d6 7. Nge2 e5 8. O-O Nc6 9. f4 Qe8 10. Nd5 Bd8 11. Nec3 Kh8 12. b3 Nxd5 13. Nxd5 Ne7 14. Qd2 c6 15. Nxe7 Bxe7 16. Bb2 Bf6 17. Rae1 a5 18. e4 fxe4 19. fxe5 Bxe5 20. Bxe5 dxe5 21. Bxe4 Bh3 22. Rxf8+ Qxf8 23. Qg5 Qc5+ 24. Qe3 Qd6 25. Bg2 Bxg2 26. Kxg2 Re8 27. Qe4 c5 28. Qxb7 Qxd3 29. Qe4 Qd6 30. Re3 h6 31. Rd3 Qf6 32. Rd5 Rf8 33. Qe2 e4 34. Rxc5 e3 35. Rd5 Qc3 36. Rd3 Rf2+ 37. Qxf2 Qxd3 38. Qe1 Qd2+ 39. Kf1 Qd3+ 40. Qe2 Qe4 41. Kg1 Qb1+ 42. Kg2 Qe4+ 43. Kg1 Qd4 44. Kg2 Kh7 45. Kf3 h5 46. Qxe3 Qg4+ 47. Kf2 Qh3 48. Qe4+ Kh8 49. Qg2 Qf5+ 50. Qf3 Qc2+ 51. Qe2 Qf5+ 52. Kg2 h4 53. h3 hxg3 54. Qe8+ Kh7 55. Qe2 Qf4 56. Qd3+ Kh8 57. Qe2 a4 58. Qh5+ Kg8 59. Qe8+ Kh7 60. Qh5+ Kg8 61. Qd5+ Kh8 62. Qh5+ Kg8 1/2-1/2


[Site "https://www.chess.com"]

[Event "Titled Tuesday Blitz June 20 Early 2023"]
[White "Hartikainen, Jarmo"]
[Black "Lalanne, Pablo"]
[WhiteFideId "503134"]
[BlackFideId "112151"]
[WhiteElo "2155"]
[BlackElo "2120"]
[Result "1/2-1/2"]
[Round "7"]
[TimeControl "180+2"]
[Date "2023.06.20"]
[WhiteClock "0:00:18"]
[BlackClock "0:00:18"]
[Board "161"]

1. e4 e5 2. Nf3 Nc6 3. Bc4 Bc5 4. c3 Nf6 5. d4 exd4 6. b4 Bb6 7. e5 d5 8. exf6 dxc4 9. Qe2+ Be6 10. b5 d3 11. Qe4 Na5 12. fxg7 Rg8 13. Bg5 Qd5 14. Nbd2 Rxg7 15. Bf6 Rg6 16. Qh4 h6 17. O-O c6 18. Rfe1 cxb5 19. Re5 Qc6 20. Rae1 Kd7 21. Rxe6 fxe6 22. Ne5+ Kc7 23. Nxc6 Nxc6 24. Qf4+ Kd7 25. Ne4 Bc7 26. Qh4 Rag8 27. g3 Kc8 28. Qh3 Kb8 29. Qxe6 a6 30. Kf1 Ka7 31. f4 h5 32. f5 Rg4 33. Bd4+ Nxd4 34. cxd4 Bb6 35. Nc5 h4 36. Qd7 Bxc5 37. dxc5 hxg3 38. hxg3 Rxg3 39. c6 Rg1+ 40. Kf2 R8g2+ 41. Kf3 Rg3+ 42. Kf4 Rg4+ 43. Kf3 R4g3+ 44. Kf4 Rg4+ 45. Kf3 R4g3+ 1/2-1/2


[Site "https://www.chess.com"]

[Event "Titled Tuesday Blitz June 20 Early 2023"]
[White "Sailer, Mike"]
[Black "Petrova, Irina"]
[WhiteFideId "2012901"]
[BlackFideId "14124122"]
[WhiteElo "2109"]
[BlackElo "2084"]
[Result "0-1"]
[Round "7"]
[TimeControl "180+2"]
[Date "2023.06.20"]
[WhiteClock "0:00:00"]
[BlackClock "0:00:16"]
[Board "162"]

1. d4 d6 2. Nc3 g6 3. e4 Bg7 4. Be3 a6 5. Qd2 b5 6. a3 Nd7 7. h3 Bb7 8. f4 Ngf6 9. Bd3 c5 10. e5 Nd5 11. Nxd5 Bxd5 12. Nf3 cxd4 13. Bxd4 Bxf3 14. gxf3 dxe5 15. fxe5 Nxe5 16. Bxe5 Bxe5 17. O-O-O O-O 18. Kb1 Qc7 19. h4 Bg7 20. h5 Qe5 21. c3 a5 22. hxg6 hxg6 23. Rde1 Qf6 24. Qh2 Rfd8 25. Bxb5 Qf5+ 26. Re4 Qxb5 27. Rh4 Qf5+ 28. Ka1 Be5 29. Rh8+ Kg7 30. Qh7+ Kf6 31. Rxd8 Rxd8 32. Qh4+ Qg5 33. Qa4 Rd6 34. Qxa5 Qg2 35. Re1 Qg3 36. Rf1 Rd2 37. Qb4 Qg2 38. Re1 Bd6 39. Qb3 Kg7 40. c4 Qf2 41. Qc3+ f6 42. Rc1 Be5 0-1


[Site "https://www.chess.com"]

[Event "Titled Tuesday Blitz June 20 Early 2023"]
[White "arenal72"]
[Black "Torres Dominguez, David"]
[BlackFideId "2220857"]
[WhiteElo "2354"]
[BlackElo "1999"]
[Result "1/2-1/2"]
[Round "7"]
[TimeControl "180+2"]
[Date "2023.06.20"]
[WhiteClock "0:01:47"]
[BlackClock "0:00:24"]
[Board "163"]

1. c4 e5 2. Nc3 Nc6 3. Nf3 f5 4. g3 Nf6 5. Bg2 g6 6. O-O Bg7 7. d3 O-O 8. Rb1 a5 9. a3 d6 10. b4 axb4 11. axb4 h6 12. Nd5 Nxd5 13. cxd5 Ne7 14. e4 f4 15. d4 g5 16. dxe5 dxe5 17. Bb2 Ng6 18. Nd2 g4 19. f3 h5 20. fxg4 Bxg4 21. Bf3 Qg5 22. Bxg4 hxg4 23. Bc1 fxg3 24. hxg3 Qe3+ 25. Kg2 Nh4+ 26. gxh4 Qh3+ 27. Kg1 Qg3+ 28. Kh1 Qxh4+ 29. Kg1 Qg3+ 30. Kh1 Qh3+ 31. Kg1 Qg3+ 32. Kh1 Qh3+ 33. Kg1 Qg3+ 1/2-1/2


[Site "https://www.chess.com"]

[Event "Titled Tuesday Blitz June 20 Early 2023"]
[White "Spichkin, Alexander"]
[Black "Semenova, Alina"]
[WhiteFideId "4144074"]
[BlackFideId "24113875"]
[WhiteElo "1986"]
[BlackElo "1833"]
[Result "1-0"]
[Round "7"]
[TimeControl "180+2"]
[Date "2023.06.20"]
[WhiteClock "0:01:43"]
[BlackClock "0:00:00"]
[Board "164"]

1. f4 Nf6 2. Nf3 d6 3. e4 Nxe4 4. Bd3 Nc5 5. Bc4 d5 6. Be2 d4 7. O-O d3 8. cxd3 Nxd3 9. Qb3 Nxc1 10. Rxc1 Nc6 11. Bb5 Bd7 12. Rxc6 Bxc6 13. Ne5 e6 14. Nxc6 Bc5+ 15. d4 bxc6 16. Bxc6+ Ke7 17. dxc5 Qd4+ 18. Kh1 Rab8 19. Qc2 Rxb2 20. Qc1 Rc2 21. Qxc2 Qxa1 22. Be4 Rb8 23. h3 Qd4 24. Nc3 f5 25. Bf3 Kf6 26. c6 Rd8 27. Ne2 Qb4 28. Kh2 h6 29. Qc1 g5 30. Qe3 gxf4 31. Nxf4 Qd6 32. Be2 e5 33. Nh5+ Kg6 34. Qg3+ Kf7 35. Qg7+ Ke8 36. Nf6+ Qxf6 37. Qxf6 1-0


[Site "https://www.chess.com"]

[Event "Titled Tuesday Blitz June 20 Early 2023"]
[White "Dwilewicz, Katarzyna"]
[Black "Goughfather"]
[WhiteFideId "1148486"]
[WhiteElo "2098"]
[BlackElo "2026"]
[Result "1-0"]
[Round "7"]
[TimeControl "180+2"]
[Date "2023.06.20"]
[WhiteClock "0:01:53"]
[BlackClock "0:00:36"]
[Board "165"]

1. e4 c6 2. d4 d5 3. Nc3 dxe4 4. Nxe4 Nf6 5. Nxf6+ exf6 6. c3 Bd6 7. Bd3 O-O 8. Qc2 h5 9. Ne2 Re8 10. Be3 Be6 11. O-O-O Na6 12. Kb1 Nc7 13. c4 b5 14. d5 cxd5 15. c5 Bf8 16. Nd4 Rb8 17. Nc6 Qd7 18. Nxb8 Rxb8 19. Bd4 Qc6 20. Rhe1 Na6 21. Rc1 Nb4 22. Qd2 Nxd3 23. Qxd3 g6 24. Ka1 Bg7 25. Qf3 Kh7 26. h3 Bf5 27. g4 Be4 28. Qg3 b4 29. Qxb8 Qa4 30. c6 b3 31. Qxb3 Qxd4 32. c7 1-0


[Site "https://www.chess.com"]

[Event "Titled Tuesday Blitz June 20 Early 2023"]
[White "Sanchez, Robert"]
[Black "Rosenberg, Evan S"]
[WhiteFideId "2034360"]
[BlackFideId "2019299"]
[WhiteElo "2014"]
[BlackElo "2345"]
[Result "1-0"]
[Round "7"]
[TimeControl "180+2"]
[Date "2023.06.20"]
[WhiteClock "0:02:16"]
[BlackClock "0:02:15"]
[Board "166"]

1. e4 c5 2. Nf3 g6 3. d4 cxd4 4. c3 Bg7 5. Bc4 Nf6 6. e5 Ng4 7. Bxf7+ Kxf7 8. Ng5+ Kg8 9. Qxg4 Bxe5 10. O-O d6 11. Qe2 Nc6 12. f4 Bf6 13. Nd2 dxc3 14. bxc3 Bxc3 15. Qc4+ d5 16. Qxc3 h6 17. Qxh8+ Kxh8 18. Nf7+ Kg7 19. Nxd8 Nxd8 20. Bb2+ Kf7 21. Nf3 Nc6 22. Rac1 Bf5 23. Nd4 Nxd4 24. Bxd4 Be4 1-0


[Site "https://www.chess.com"]

[Event "Titled Tuesday Blitz June 20 Early 2023"]
[White "Thiel, Thomas"]
[Black "Matyukov, Petr"]
[WhiteFideId "4615964"]
[BlackFideId "4103688"]
[WhiteElo "2226"]
[BlackElo "2278"]
[Result "1/2-1/2"]
[Round "7"]
[TimeControl "180+2"]
[Date "2023.06.20"]
[WhiteClock "0:00:10"]
[BlackClock "0:00:08"]
[Board "167"]

1. e4 c5 2. Nc3 Nc6 3. Bb5 g6 4. Bxc6 bxc6 5. f4 Bg7 6. Nf3 d6 7. O-O Nf6 8. d3 O-O 9. e5 Nd5 10. Ne4 Rb8 11. c4 Nb4 12. a3 Na6 13. Rb1 Bf5 14. Qc2 d5 15. cxd5 cxd5 16. Ng3 Bd7 17. Be3 Qc7 18. Rfc1 Rfc8 19. b4 cxb4 20. Qxc7 Rxc7 21. Rxc7 Nxc7 22. Rxb4 Rxb4 23. axb4 a6 24. Bc5 e6 25. Nd4 Nb5 26. Nxb5 Bxb5 27. d4 Bh6 28. Kf2 Bxf4 29. Bb6 h5 30. h3 h4 31. Ne2 Bxe2 32. Kxe2 Kf8 33. Kf3 Bd2 34. Bc5+ Ke8 35. Kg4 Be1 36. Kg5 Bf2 37. Kg4 Kd7 38. Kg5 Ke8 39. Kg4 Be1 40. Kg5 Kd7 41. Kg4 Kc6 42. Kg5 Kd7 43. Kg4 Ke8 1/2-1/2


[Site "https://www.chess.com"]

[Event "Titled Tuesday Blitz June 20 Early 2023"]
[White "Abduzhaparov"]
[Black "Butti, Enrique"]
[BlackFideId "3700470"]
[WhiteElo "2372"]
[BlackElo "2080"]
[Result "1-0"]
[Round "7"]
[TimeControl "180+2"]
[Date "2023.06.20"]
[WhiteClock "0:02:24"]
[BlackClock "0:01:41"]
[Board "168"]

1. Nf3 d5 2. c4 c6 3. d4 Nf6 4. e3 e6 5. b3 Nbd7 6. Bb2 Bd6 7. Nbd2 O-O 8. Bd3 Qe7 9. Ne5 Ba3 10. Bxa3 Qxa3 11. O-O Nxe5 12. dxe5 Nd7 13. f4 f5 14. exf6 Nxf6 15. Qc2 Qc5 16. Rae1 Re8 17. Kh1 Qd6 18. e4 e5 19. exd5 cxd5 20. cxd5 1-0


[Site "https://www.chess.com"]

[Event "Titled Tuesday Blitz June 20 Early 2023"]
[White "Baruch, Liam"]
[Black "Silva Lucena, Cristian"]
[WhiteFideId "14322064"]
[BlackFideId "2232588"]
[WhiteElo "2119"]
[BlackElo "2223"]
[Result "1-0"]
[Round "7"]
[TimeControl "180+2"]
[Date "2023.06.20"]
[WhiteClock "0:01:18"]
[BlackClock "0:00:31"]
[Board "169"]

1. e4 g6 2. d4 Bg7 3. Be3 c6 4. Qd2 d5 5. Nc3 Nf6 6. e5 Ne4 7. Nxe4 dxe4 8. Bc4 O-O 9. Ne2 b5 10. Bb3 Kh8 11. Ng3 f5 12. exf6 exf6 13. Nxe4 f5 14. Nc5 f4 15. Bxf4 Qxd4 16. Nd3 Re8+ 17. Be3 Bf5 18. O-O Qg4 19. h3 Qh4 20. Bg5 Qh5 21. c3 Bxd3 22. Bd1 Be2 23. Bxe2 Rxe2 24. Qd8+ 1-0


[Site "https://www.chess.com"]

[Event "Titled Tuesday Blitz June 20 Early 2023"]
[White "Sovetbekova, Nurai"]
[Black "Vargas Rodriguez, Wilver"]
[WhiteFideId "13801910"]
[BlackFideId "3509672"]
[WhiteElo "1857"]
[BlackElo "2245"]
[Result "1-0"]
[Round "7"]
[TimeControl "180+2"]
[Date "2023.06.20"]
[WhiteClock "0:00:16"]
[BlackClock "0:00:00"]
[Board "170"]

1. d4 Nf6 2. c4 e6 3. Nc3 d5 4. cxd5 exd5 5. Bg5 c6 6. e3 Be7 7. Bd3 Nbd7 8. Nge2 Nh5 9. Bxe7 Qxe7 10. Qd2 Nb6 11. O-O O-O 12. f3 f5 13. e4 fxe4 14. fxe4 dxe4 15. Rxf8+ Qxf8 16. Nxe4 Nd5 17. Rf1 Qe7 18. Ng5 Nhf6 19. Nf4 Qe3+ 20. Qxe3 Nxe3 21. Re1 Nf5 22. Bc4+ Kh8 23. Nf7+ Kg8 24. g4 Nxd4 25. Rd1 Nf3+ 26. Kf2 Bxg4 27. Nh6+ Kh8 28. Nxg4 Nxg4+ 29. Kxf3 Ne5+ 30. Kg3 Nxc4 31. Rd7 Nxb2 32. Rxb7 Nc4 33. Ne6 Rg8 34. Rxa7 Ne5 35. Rc7 h6 36. Kf4 Ng6+ 37. Kf5 Nh4+ 38. Kg4 Ng6 39. a4 Ra8 40. Rxg7 1-0


[Site "https://www.chess.com"]

[Event "Titled Tuesday Blitz June 20 Early 2023"]
[White "Samaganova, Aleksandra"]
[Black "Maluco_do_Natal_00"]
[WhiteFideId "13800221"]
[WhiteElo "1858"]
[BlackElo "2113"]
[Result "1-0"]
[Round "7"]
[TimeControl "180+2"]
[Date "2023.06.20"]
[WhiteClock "0:00:10"]
[BlackClock "0:00:00"]
[Board "171"]

1. c4 c5 2. Nc3 Nc6 3. g3 g6 4. Bg2 Bg7 5. e3 Nf6 6. Nge2 Rb8 7. O-O O-O 8. d4 d6 9. h3 a6 10. b3 h6 11. Bb2 Bf5 12. g4 Bc8 13. Qd2 h5 14. g5 Nh7 15. h4 Re8 16. f4 Bg4 17. d5 Na5 18. Ng3 e6 19. e4 b5 20. cxb5 axb5 21. f5 exf5 22. exf5 Bd4+ 23. Kh1 Be3 24. Qd3 c4 25. Qc2 Kg7 26. fxg6 fxg6 27. Nce4+ Kg8 28. Nf6+ Nxf6 29. gxf6 Kf7 30. Be4 Rg8 31. Rae1 1-0


[Site "https://www.chess.com"]

[Event "Titled Tuesday Blitz June 20 Early 2023"]
[White "Ardila, Oscar Humberto"]
[Black "Cardenas Carbajal, Nilson"]
[WhiteFideId "4404742"]
[BlackFideId "8401128"]
[WhiteElo "1912"]
[BlackElo "1972"]
[Result "1-0"]
[Round "7"]
[TimeControl "180+2"]
[Date "2023.06.20"]
[WhiteClock "0:01:28"]
[BlackClock "0:00:38"]
[Board "172"]

1. d4 Nf6 2. c4 g6 3. Nc3 d5 4. cxd5 Nxd5 5. e4 Nxc3 6. bxc3 Bg7 7. Bc4 c5 8. Ne2 Nc6 9. Be3 O-O 10. O-O Bg4 11. f3 Na5 12. Bd3 cxd4 13. cxd4 Be6 14. d5 Bxa1 15. Qxa1 f6 16. Bh6 Re8 17. Kh1 Bd7 18. e5 Rc8 19. Nf4 Nc4 20. e6 Bb5 21. Nxg6 hxg6 22. Bxg6 Ne5 23. Bxe8 Qxe8 24. Re1 Qg6 25. Be3 Rc2 26. Rg1 Be2 27. f4 Nf3 28. d6 Qh5 29. h3 Bb5 30. d7 Qxh3+ 31. gxh3+ Kh8 32. d8=Q+ 1-0


[Site "https://www.chess.com"]

[Event "Titled Tuesday Blitz June 20 Early 2023"]
[White "Better_Chess_Faster"]
[Black "Kohler, Aran"]
[BlackFideId "1002856"]
[WhiteElo "2024"]
[BlackElo "2299"]
[Result "0-1"]
[Round "7"]
[TimeControl "180+2"]
[Date "2023.06.20"]
[WhiteClock "0:00:53"]
[BlackClock "0:00:16"]
[Board "173"]

1. e4 g6 2. d4 Bg7 3. Nc3 d6 4. Be3 a6 5. Nf3 h6 6. h4 Nd7 7. Be2 e6 8. Qd2 Ne7 9. O-O-O b5 10. Kb1 Bb7 11. e5 dxe5 12. dxe5 Nxe5 13. Qxd8+ Rxd8 14. Rxd8+ Kxd8 15. Nxe5 Bxe5 16. Rd1+ Kc8 17. g3 h5 18. Bg5 Nd5 19. Ne4 f6 20. Bc1 Rd8 21. Nc5 Re8 22. c4 bxc4 23. Bxc4 Nb4 24. Bxe6+ Rxe6 25. Nxe6 Be4+ 26. Ka1 Nc2+ 27. Kb1 Ne3+ 28. Ka1 Nxd1 29. Nc5 Bb7 30. f4 Bd6 31. Nd3 Be4 32. Ne1 Bc5 33. Bd2 Ne3 34. b3 Bd4+ 35. Bc3 Bxc3# 0-1


[Site "https://www.chess.com"]

[Event "Titled Tuesday Blitz June 20 Early 2023"]
[White "Castillo Pena, Patricia Evarista"]
[Black "Sarkar, Justin"]
[WhiteFideId "6412106"]
[BlackFideId "2010011"]
[WhiteElo "1859"]
[BlackElo "2151"]
[Result "0-1"]
[Round "7"]
[TimeControl "180+2"]
[Date "2023.06.20"]
[WhiteClock "0:00:22"]
[BlackClock "0:00:08"]
[Board "174"]

1. d4 Nf6 2. Nf3 d5 3. e3 Bg4 4. c4 e6 5. Qb3 Nc6 6. Nbd2 a6 7. c5 Qc8 8. Bd3 Be7 9. h3 Bh5 10. a3 O-O 11. O-O Re8 12. Qc2 Bg6 13. Bxg6 hxg6 14. b4 Nd7 15. Bb2 Bf6 16. e4 dxe4 17. Nxe4 Be7 18. Rfd1 Nf6 19. Rac1 Nxe4 20. Qxe4 Bf6 21. Ne5 Bxe5 22. dxe5 Ne7 23. Qc4 Rd8 24. a4 Rxd1+ 25. Rxd1 Qe8 26. b5 axb5 27. axb5 Nd5 28. Bd4 Ra5 29. Rb1 Qa8 30. c6 b6 31. Qe2 Ra4 32. Be3 Nc3 0-1


[Site "https://www.chess.com"]

[Event "Titled Tuesday Blitz June 20 Early 2023"]
[White "Francisco_Ferrari"]
[Black "Gyulamiryan-koryun"]
[WhiteElo "2264"]
[BlackElo "1747"]
[Result "1-0"]
[Round "7"]
[TimeControl "180+2"]
[Date "2023.06.20"]
[WhiteClock "0:00:45"]
[BlackClock "0:00:00"]
[Board "175"]

1. e4 c5 2. Nf3 d6 3. d4 cxd4 4. Nxd4 Nf6 5. Nc3 a6 6. h3 e6 7. g4 d5 8. e5 Nfd7 9. f4 Qh4+ 10. Ke2 h5 11. g5 Nc6 12. Nf3 Qg3 13. Rg1 Qxg1 14. Nxg1 Bc5 15. Nf3 b5 16. Be3 Be7 17. a3 Bb7 18. Nd4 Na5 19. Bg2 Nc4 20. Bc1 Rc8 21. b3 Ncxe5 22. Ncxb5 axb5 23. fxe5 Nxe5 24. Bf4 Ng6 25. Be3 Ba6 26. b4 Nh4 27. Bh1 O-O 28. Nb3 Nf5 29. Bc5 Bxg5 30. Bxf8 Kxf8 31. Nc5 Ng3+ 32. Kf3 Nxh1 33. Qxh1 Ra8 34. Rg1 Bf6 35. Rd1 Bc8 36. Rd3 e5 37. Rxd5 Rxa3+ 38. Rd3 Ra2 39. Qd1 g6 40. Rd8+ Bxd8 41. Qxd8+ Kg7 42. Qxc8 Rxc2 43. Ne6+ 1-0


[Site "https://www.chess.com"]

[Event "Titled Tuesday Blitz June 20 Early 2023"]
[White "Vafin, Ayrat"]
[Black "KSho99"]
[WhiteFideId "4146530"]
[WhiteElo "2317"]
[BlackElo "2188"]
[Result "0-1"]
[Round "7"]
[TimeControl "180+2"]
[Date "2023.06.20"]
[WhiteClock "0:00:00"]
[BlackClock "0:00:03"]
[Board "176"]

1. Nf3 Nf6 2. g3 b6 3. Bg2 Bb7 4. c4 e6 5. O-O d5 6. b3 dxc4 7. bxc4 c5 8. Bb2 Be7 9. e3 O-O 10. Qe2 Nc6 11. d3 Qc7 12. Ne1 Rad8 13. f4 Nb4 14. Bxb7 Qxb7 15. a3 Nc6 16. g4 Ne8 17. g5 Nd6 18. Nc3 Nf5 19. Ne4 Rfe8 20. Rf3 Nd6 21. Nf6+ gxf6 22. gxf6 Bf8 23. Rg3+ Kh8 24. Qh5 Nf5 25. Rh3 h6 26. Rd1 Na5 27. Nf3 Nxc4 28. Bc1 Ncxe3 29. Bxe3 Nxe3 30. Re1 Rxd3 31. Qg5 Nf5 32. Ne5 Rxh3 0-1


[Site "https://www.chess.com"]

[Event "Titled Tuesday Blitz June 20 Early 2023"]
[White "Ouellet, Maili-Jade"]
[Black "Gardezi, Arsal"]
[WhiteFideId "2620472"]
[BlackFideId "30949521"]
[WhiteElo "2077"]
[BlackElo "1906"]
[Result "0-1"]
[Round "7"]
[TimeControl "180+2"]
[Date "2023.06.20"]
[WhiteClock "0:00:01"]
[BlackClock "0:00:26"]
[Board "177"]

1. e4 e6 2. d4 d5 3. Nc3 Be7 4. e5 c5 5. Nf3 Nc6 6. Be2 cxd4 7. Nb5 a6 8. Nbxd4 Nxd4 9. Nxd4 Qc7 10. f4 Nh6 11. c3 Bc5 12. O-O Nf5 13. Kh1 Bxd4 14. cxd4 Qb6 15. g4 Ne7 16. Rb1 Bd7 17. Be3 O-O-O 18. b4 Bb5 19. a4 Bc4 20. b5 a5 21. Bxc4 dxc4 22. Qc2 Nd5 23. Bg1 c3 24. f5 Kb8 25. Qe4 Rc8 26. Rbc1 Qc7 27. fxe6 fxe6 28. Rf3 Qc4 29. Rf7 Rc7 30. Qf3 Rhc8 31. b6 Nxb6 32. Rxc7 Rxc7 33. d5 Qxd5 34. Kg2 Qxf3+ 35. Kxf3 Nd5 36. Bf2 Rc4 37. Be1 Rxa4 38. Bxc3 Ra3 0-1


[Site "https://www.chess.com"]

[Event "Titled Tuesday Blitz June 20 Early 2023"]
[White "Martin, Lewis"]
[Black "Zallio, Luciano de Souza"]
[WhiteFideId "410551"]
[BlackFideId "2109700"]
[WhiteElo "2145"]
[BlackElo "2057"]
[Result "1-0"]
[Round "7"]
[TimeControl "180+2"]
[Date "2023.06.20"]
[WhiteClock "0:01:42"]
[BlackClock "0:01:19"]
[Board "178"]

1. e4 e6 2. d4 d5 3. Nd2 dxe4 4. Nxe4 Nd7 5. Bd3 Ngf6 6. Nxf6+ Nxf6 7. Nf3 c5 8. dxc5 Bxc5 9. O-O O-O 10. Bg5 h6 11. Bh4 b6 12. Qe2 Bb7 13. Rfd1 Qe7 14. a3 a5 15. Ne5 Rfd8 16. Ng4 g5 17. Nxh6+ Kg7 18. Bxg5 Rd4 19. Ng4 Rxg4 20. Bxf6+ Qxf6 21. Qxg4+ Kf8 22. Rf1 Ke7 23. Be4 Qd4 24. Qg5+ 1-0


[Site "https://www.chess.com"]

[Event "Titled Tuesday Blitz June 20 Early 2023"]
[White "Mayaud, Raphael"]
[Black "Politov, Pavel Y."]
[WhiteFideId "627151"]
[BlackFideId "24110515"]
[WhiteElo "2191"]
[BlackElo "2066"]
[Result "1-0"]
[Round "7"]
[TimeControl "180+2"]
[Date "2023.06.20"]
[WhiteClock "0:00:34"]
[BlackClock "0:00:00"]
[Board "179"]

1. d4 d5 2. Nf3 Nf6 3. g3 Bg4 4. Ne5 Bf5 5. Bg2 Nbd7 6. Nd3 c6 7. O-O Bxd3 8. cxd3 e6 9. Nc3 Be7 10. b3 O-O 11. Bb2 Re8 12. Rc1 Rc8 13. e4 Nf8 14. Re1 Qd7 15. e5 Qd8 16. exf6 Bxf6 17. Ne2 Nd7 18. Nf4 Qb6 19. Ne2 e5 20. dxe5 Nxe5 21. Bd4 Nf3+ 22. Bxf3 Bxd4 23. Nxd4 Qxd4 24. Qd2 Re5 25. Rxe5 Qxe5 26. Re1 Qd4 27. Qe3 Qxe3 28. fxe3 Kf8 29. Kf2 Ke7 30. Rc1 Kd6 31. d4 Re8 32. g4 g6 33. h3 f5 34. gxf5 gxf5 35. Rg1 Re7 36. Rg8 a6 37. Rf8 Ke6 38. Rg8 Kf6 39. h4 Rg7 40. Rxg7 Kxg7 41. Kg3 Kf6 42. Kf4 b5 43. b4 Ke6 44. Bg2 h6 45. Bh3 Kf6 46. Bxf5 1-0


[Site "https://www.chess.com"]